 Dungeon Crawl Stone Soup version 0.31.0-11-ge490571c62 (webtiles) character file.

Game seed: 16407616095538525816

320 qw the Shooter (level 6, -9/30 HPs)
             Began as a Spriggan Hunter on Feb 4, 2024.
             Mangled by a black bear (11 damage)
             ... on level 4 of the Dungeon.
             The game lasted 00:00:10 (2859 turns).

qw the Shooter (Spriggan Hunter)                    Turns: 2859, Time: 00:00:11

Health: -9/30      AC:  2    Str:  7    XL:     6   Next: 22%
Magic:  7/7        EV: 21    Int: 11    God:
Gold:   182        SH:  0    Dex: 20    Spells: 5/5 levels left

rFire   . . .        a - +1 shortbow
rCold   . . .        (shield currently unavailable)
rNeg    . . .        c - +0 robe
rPois   +            (helmet restricted)
rElec   .            (no cloak)
rCorr   .            (gloves unavailable)
SInv    +            (boots unavailable)
Will    +....        (no amulet)
Stlth   ++           i - ring of poison resistance
HPRegen 0.25/turn    (no ring)
MPRegen 0.10/turn

%: no passive effects
@: about to teleport, very quick
A: very small, no large weapons, unfitting armour, see invisible, speed 3
a: no special abilities


You were on level 4 of the Dungeon.
You visited 1 branch of the dungeon, and saw 4 of its levels.

You collected 182 gold pieces.


Innate Abilities, Weirdness & Mutations

You are very small and have problems with some larger weapons.
You are too small for most types of armour.
You have supernaturally acute eyesight. (SInv)
You cover ground extremely quickly. (Speed+++)


   Skills:
 - Level 2.0 Fighting
 + Level 6.0 Ranged Weapons
 - Level 6.0 Dodging
 - Level 1.5 Stealth


You had 5 spell levels left.
You didn't know any spells.
Your spell library was empty.

Inventory:

Hand Weapons
 a - a +1 shortbow (weapon)
Armour
 c - a +0 robe (worn)
Jewellery
 i - a ring of poison resistance (left hand)
Potions
 b - a potion of cancellation
 e - a potion of curing

Dungeon Overview and Level Annotations

Branches:
Dungeon (4/15)
 Temple: D:4-7

Altars:
Fedhas
Yredelemnul

Shops:
D:2 =


Message History

There is a stone staircase leading up here.
A black bear is nearby!
Waypoint 3 assigned to D:4.
You shoot an arrow. The arrow hits the black bear!
The black bear growls angrily.
The black bear is heavily wounded.
You shoot an arrow. The arrow hits the black bear!
The black bear is severely wounded.
You shoot an arrow. The arrow hits the black bear.
The black bear is almost dead.
The black bear goes berserk!
You shoot an arrow. The arrow hits the black bear.
The black bear is almost dead.
The black bear misses you. The black bear closely misses you.
The black bear claws you. The black bear misses you.
The black bear claws you. x2
You shoot an arrow.
The arrow closely misses the black bear.
The black bear misses you. The black bear completely misses you.
The black bear barely misses you.
You shoot an arrow. The arrow hits the black bear.
The black bear is almost dead.
The black bear misses you. The black bear barely misses you.
The black bear claws you but does no damage.
The black bear bites you! The black bear completely misses you.
The black bear claws you.
2857 ||| READING scroll of teleportation.
As you read the scroll of teleportation, it crumbles to dust.
You feel strangely unstable. The black bear barely misses you.
The black bear closely misses you. The black bear claws you.
A kobold comes into view. It is wielding a +0 club.
You shoot an arrow.
The arrow closely misses the black bear.
The kobold shouts!
The black bear barely misses you. The black bear completely misses you.
The black bear misses you. x3; The black bear claws you.
You shoot an arrow.
The arrow hits the black bear but does no damage.
The black bear is almost dead.
The black bear bites you!
You die...

####.#####.##
#......@hK..#
#.##...###..#
#... ... #...
# ##.. #..
... ###


You could see a black bear (berserk) and a kobold.

Vanquished Creatures
  A bombardier beetle (D:3)
  Terence (D:2)
  Natasha (thrice) (D:3)
  An iguana (D:3)
  Robin (D:2)
  A gnoll (D:1)
  6 adders
  A ribbon worm (D:2)
  7 bats
  6 endoplasms
  20 goblins
  7 hobgoblins
  4 jackals
  7 kobolds
  2 quokkas
  5 ball pythons
  9 frilled lizards
  4 rats
86 creatures vanquished.

Notes
Turn   | Place    | Note
-------+----------+-------------------------------------------
     0 | D:1      | qw the Spriggan Hunter began the quest for the Orb.
     0 | D:1      | Reached XP level 1. HP: 10/10 MP: 2/2
     0 | D:1      | 0 ||| qw: Version: 0.3-a-160-g6735b56
     0 | D:1      | 0 ||| qw: Game counter: 5372
     0 | D:1      | 0 ||| qw: Melee chars always use a shield: true
     0 | D:1      | 0 ||| qw: God list: Okawaru
     0 | D:1      | 0 ||| qw: Allow faded altars: false
     0 | D:1      | 0 ||| qw: Do Orc after clearing Dungeon:15 true
     0 | D:1      | 0 ||| qw: Do second Lair branch before Depths: true
     0 | D:1      | 0 ||| qw: Lair rune preference: random
     0 | D:1      | 0 ||| qw: Goals: Normal
     0 | D:1      | 0 ||| PLANNING D:1-11
    52 | D:1      | Reached skill level 3 in Dodging
   129 | D:1      | Reached XP level 2. HP: 14/14 MP: 3/3
   208 | D:1      | Found a faded altar of an unknown god.
   285 | D:1      | Reached XP level 3. HP: 13/18 MP: 4/4
   665 | D:1      | 665 ||| READING 2 scrolls labelled QEHARY YSOUTA.
   665 | D:1      | 665 ||| IDENTIFYING scroll labelled TAOSTISEHA
   666 | D:1      | 666 ||| DROPPING scroll of butterflies.
   667 | D:1      | 667 ||| DROPPING scroll of vulnerability.
   864 | D:2      | Noticed Terence
   871 | D:2      | HP: 4/16 [Terence/the +7 Throatcutter {drain, coup de
                  | grace} (2)]
   872 | D:2      | Killed Terence
   873 | D:2      | Reached XP level 4. HP: 5/22 MP: 5/5
  1007 | D:2      | Noticed Robin
  1023 | D:2      | Killed Robin
  1040 | D:2      | 1040 ||| FLEEEEING.
  1042 | D:2      | 1042 ||| FLEEEEING.
  1043 | D:2      | 1043 ||| FLEEEEING.
  1044 | D:2      | 1044 ||| FLEEEEING.
  1051 | D:2      | 1051 ||| FLEEEEING.
  1053 | D:2      | 1053 ||| FLEEEEING.
  1054 | D:2      | 1054 ||| FLEEEEING.
  1055 | D:2      | 1055 ||| FLEEEEING.
  1056 | D:2      | 1056 ||| FLEEEEING.
  1057 | D:2      | 1057 ||| FLEEEEING.
  1307 | D:2      | Reached XP level 5. HP: 26/26 MP: 6/6
  1536 | D:2      | Found Reimauf's Jewellery Emporium.
  1539 | D:2      | 1539 ||| SHOPLISTING +6 ring of strength (504 gold, have
                  | 90).
  1539 | D:2      | 1539 ||| SHOPLISTING amulet of faith (560 gold, have 90).
  1539 | D:2      | 1539 ||| SHOPLISTING amulet of the acrobat (420 gold, have
                  | 90).
  1539 | D:2      | 1539 ||| SHOPLISTING ring of ice (350 gold, have 90).
  1539 | D:2      | 1539 ||| SHOPLISTING ring of poison resistance (280 gold,
                  | have 90).
  1836 | D:3      | Found a blossoming altar of Fedhas.
  1836 | D:3      | Found a basalt altar of Yredelemnul.
  1950 | D:3      | Noticed Natasha
  1952 | D:3      | Killed Natasha
  1957 | D:3      | Noticed Natasha
  1960 | D:3      | Killed Natasha
  1961 | D:3      | Reached skill level 6 in Ranged Weapons
  1969 | D:3      | 1969 ||| FLEEEEING.
  1970 | D:3      | 1970 ||| FLEEEEING.
  2246 | D:3      | Noticed Natasha
  2249 | D:3      | Killed Natasha
  2250 | D:3      | Reached XP level 6. HP: 30/30 MP: 7/7
  2276 | D:3      | 2276 ||| FLEEEEING.
  2576 | D:3      | Reached skill level 6 in Dodging
  2794 | D:3      | 2794 ||| UPGRADING to ring of poison resistance.
  2795 | D:3      | 2795 ||| READING 3 scrolls of identify.
  2795 | D:3      | 2795 ||| IDENTIFYING cyan potion
  2796 | D:3      | 2796 ||| READING 2 scrolls of identify.
  2796 | D:3      | 2796 ||| IDENTIFYING fuming sapphire potion
  2797 | D:3      | 2797 ||| READING scroll of identify.
  2797 | D:3      | 2797 ||| IDENTIFYING scroll labelled ODIEMAKAPS
  2798 | D:3      | 2798 ||| READING scroll labelled BUWODOCVANIU.
  2799 | D:3      | 2799 ||| READING scroll labelled FOJILEJOTI.
  2800 | D:3      | 2800 ||| READING scroll labelled HULILA DE UTE.
  2800 | D:3      | 2800 ||| ENCHANTING +0 shortbow.
  2856 | D:4      | HP: 6/30 [black bear (6)]
  2857 | D:4      | 2857 ||| READING scroll of teleportation.
  2858 | D:4      | HP: 2/30 [black bear (1)]
  2859 | D:4      | Mangled by a black bear

Levels and vault maps discovered:
D:1:      dpeg_arrival_round_c, layout_basic, shapermc_ecumenical_altar_gd
D:2:      layout_loops_corners, serial_shops, nicolae_shop_behind_doors,
          minmay_lizard_king, uniq_terence, uniq_robin
D:3:      layout_loops_corners, gammafunk_temple_overflow_pools,
          chequers_serial_rivers_marsh, corexii_leaking_fountain,
          minmay_pentangle, uniq_natasha
D:4:      layout_loops_cross, hangedman_abyss_or_decor_lesser_grid, uniq_sigmund

Skill      XL: |  1  2  3  4  5  6 |
---------------+-------------------+-----
Dodging        | 3 4 5 6 |  6.0
Ranged Weapons | 5 6 |  6.0
Fighting       | 2 |  2.0
Stealth        | |  1.5

Action                     |  1- 3 |  4- 6 || total
---------------------------+-------+-------++-------
   Fire: Shortbow          |    85 |   151 ||   236
    Use: Scroll            |     1 |     7 ||     8
 Armour: Robe              |     7 |    26 ||    33
  Dodge: Dodged            |    23 |    63 ||    86

Table legend:
 A = Non-vault XP
 B = Vault XP
 C = Vault XP percentage of total XP
 D = Non-vault monster count
 E = Vault monster count
 F = Vault count percentage of total count
                 A         B        C        D         E       F
            +---------+---------+-------+---------+---------+-------
      Total |     339 |     119 |  26.0 |      64 |      22 |  25.6
            +---------+---------+-------+---------+---------+-------
        D:1 |      58 |       0 |   0.0 |      25 |       0 |   0.0
        D:2 |      67 |      82 |  55.0 |      19 |      20 |  51.3
        D:3 |     214 |      37 |  14.7 |      20 |       2 |   9.1
            +---------+---------+-------+---------+---------+-------
